 Dungeon Crawl Stone Soup version 0.26.1-11-gd32895ea62 (webtiles) character file.

Game seed: 6390545627210962028

160 H0rd4k the Insei (level 5, -3/33 HPs)
             Began as an Octopode Transmuter on May 20, 2021.
             Slain by an orc priest
             ... wielding a +0 war axe
              (12 damage)
             ... on level 2 of the Dungeon.
             The game lasted 00:02:36 (3026 turns).

H0rd4k the Insei (Octopode Transmuter)              Turns: 3026, Time: 00:02:37

Health: -3/33      AC:  1    Str: 11    XL:     5   Next: 41%
Magic:  8/8        EV: 14    Int: 15    God:
Gold:   101        SH:  0    Dex: 12    Spells: 8/9 levels left

rFire    . . .     SeeInvis .     - Unarmed
rCold    . . .     Faith    .   (no shield)
rNeg     . . .     Spirit   .   (helmet restricted)
rPois    .         Reflect  .   (no amulet)
rElec    .         Harm     .   (no ring)
rCorr    .         Rampage  .   (no ring)
Will     .....                  (no ring)
Stlth    ++........             (no ring)
HPRegen  0.11/turn              (no ring)
MPRegen  0.11/turn              (no ring)
                                (no ring)
                                (no ring)

@: no status effects
A: almost no armour, stealthy swim, amphibious, 8 rings, constrict 8, camouflage
1, gelatinous body 1
a: no special abilities


You were on level 2 of the Dungeon.
You visited 1 branch of the dungeon, and saw 4 of its levels.

You collected 101 gold pieces.

Inventory:

Jewellery
 g - an uncursed ring of ice {unknown}
 h - an uncursed ring of poison resistance {unknown}
 k - an uncursed amulet of the acrobat {unknown}
Wands
 i - a wand of acid (5)
Scrolls
 a - 3 scrolls of teleportation {unknown}
 b - 3 scrolls of remove curse {unknown}
 e - a scroll of fear {unknown}
 f - a scroll of enchant weapon {unknown}
Potions
 c - a potion of resistance {unknown}
 d - 5 potions of might {unknown}
 j - a potion of curing {unknown}


   Skills:
 + Level 1.2 Fighting
 + Level 2.9 Dodging
 + Level 4.6 Unarmed Combat
 * Level 2.6 Spellcasting
 * Level 2.7 Transmutations


You had 8 spell levels left.
You knew the following spells:

 Your Spells              Type           Power        Failure   Level
a - Beastly Appendage     Tmut           20%          7%          1

Your spell library contained the following spells:

 Spells                   Type           Power        Failure   Level
 Wereblood                Tmut           10%          10%         2
 Spider Form              Tmut/Pois      3%           34%         3
 Ice Form                 Ice/Tmut       6%           75%         4
 Blade Hands              Tmut           5%           88%         5


Dungeon Overview and Level Annotations

Branches:
Dungeon (4/15)
 Temple: D:4-7

Altars:


Innate Abilities, Weirdness & Mutations

You cannot wear most types of armour.
You are very stealthy in the water. (Stealth+)
You are amphibious.
You can wear up to eight rings at the same time.
You can use your tentacles to constrict eight enemies at once.
Your skin changes colour to match your surroundings (Stealth+).
Your rubbery body absorbs attacks. (AC +1, EV +1)


Message History

The orc wizard closely misses you. The goblin barely misses you.
The orc priest hits you with a +0 war axe.
* * * LOW HITPOINT WARNING * * *
Unknown command.
You tentacle-slap the goblin. Your grab misses the goblin.
Your squeeze misses the goblin.
The goblin is moderately wounded.
The goblin closely misses you.
The orc wizard hits you with a +0 dagger.
* * * LOW HITPOINT WARNING * * *
Unknown command.
You bludgeon the goblin!
You kill the goblin!
The orc priest closely misses you. The orc wizard barely misses you.
The hound closely misses you.
You tentacle-slap the orc wizard. You grab the orc wizard.
The orc wizard is lightly wounded.
You constrict the orc wizard.
The orc priest hits you with a +0 war axe!
You die...

##.####.##..##...<............# #
...###..###.......##.......######
#.................#######...####.
#..#.###....#.....########..(....
.........####.....#...^..........
.....##### #.....#.####....<....
....## ##...............####
....#############h######.....####
...............o@o# #.........
###..############## #.....####
#..## #.....# # #...# #.....# #
##..# #.....# # #..# #.....# #
#### #######


You could see a hound, an orc priest and an orc wizard.

Vanquished Creatures
  An orc priest (D:4)
  A worker ant (D:4)
  3 adders
  An ooze (D:2)
  2 worms (D:2)
  3 dart slugs
  3 leopard geckos
  An orc (D:4)
  6 giant cockroaches
  4 goblins
  5 hobgoblins
  12 bats
  3 frilled lizards
  9 kobolds
  8 rats
62 creatures vanquished.

Notes
Turn   | Place    | Note
-------+----------+-------------------------------------------
     0 | D:1      | H0rd4k the Octopode Transmuter began the quest for the Orb.
     0 | D:1      | Reached XP level 1. HP: 13/13 MP: 3/3
   150 | D:1      | Reached XP level 2. HP: 18/18 MP: 5/5
   508 | D:1      | Reached XP level 3. HP: 21/23 MP: 6/6
  1535 | D:2      | Reached skill level 4 in Unarmed Combat
  1607 | D:2      | Reached XP level 4. HP: 23/28 MP: 7/7
  1612 | D:2      | HP: 1/28 [worm (12)]
  2080 | D:2      | You fall into a shaft and drop 2 floors!
  2486 | D:4      | Reached XP level 5. HP: 23/33 MP: 8/8
  2686 | D:2      | Found a faded altar of an unknown god.
  3026 | D:2      | Slain by an orc priest

Illustrated notes

Levels and vault maps discovered:
D:1:      nicolae_arrival_washed_ashore, layout_basic
D:2:      layout_rooms, chequers_ecumenical_altar_island
D:3:      layout_loops_cross, eino_curves_03
D:4:      layout_loops_ring, lemuel_coloured_pillars_altar,
          minmay_temple_entry_antechambers, serial_shops, shop,
          nicolae_tso_carved_into_rock

Skill      XL: |  1  2  3 |
---------------+----------+-----
Unarmed Combat | 4 |  4.6
Fighting       | |  1.2
Dodging        | |  2.9
Spellcasting   | |  2.6
Transmutations | |  2.7

Action                   |  1- 3 |  4- 6 || total
-------------------------+-------+-------++-------
Melee: Unarmed           |    92 |    65 ||   157
       Constrict         |    21 |    17 ||    38
       Tentacles         |    12 |    11 ||    23
       Punch             |     3 |       ||     3
       Kick              |       |     1 ||     1
 Cast: Beastly Appendage |       |     1 ||     1
 Stab: Sleeping          |     1 |     4 ||     5
Armor: Skin              |    16 |     6 ||    22
Dodge: Dodged            |    65 |    41 ||   106
